 Dungeon Crawl Stone Soup version 0.32-a0-685-g93135e86f0 (webtiles) character file.

Game seed: 14398050713352246094

717 Griffin23 the Slasher (level 7, 0/62 HPs)
             Began as a Minotaur Berserker on Mar 12, 2024.
             Was a Believer of Trog.
             Slain by a black bear (1 damage)
             ... on level 4 of the Dungeon.
             The game lasted 00:09:23 (3653 turns).

Griffin23 the Slasher (Minotaur Berserker)          Turns: 3653, Time: 00:09:27

Health: 0/62       AC: 12    Str: 21    XL:     7   Next: 42%
Magic:  6/6        EV:  9    Int:  4    God:    Trog [**....]
Gold:   238        SH:  0    Dex: 12    Spells: 6/6 levels left

rFire   . . .        x - +0 great sword
rCold   . . .        (shield currently unavailable)
rNeg    . . .        u - +0 chain mail
rPois   .            (helmet restricted)
rElec   .            l - +1 cloak
rCorr   .            (no gloves)
SInv    .            (no boots)
Will    .....        (no amulet) Stlth
                     (no ring)
HPRegen 0.30/turn    (no ring)
MPRegen 0.10/turn

%: no passive effects
@: on berserk cooldown, slowed, very slow
A: horns 2, retaliatory headbutt
a: Renounce Religion, Berserk, Trog's Hand


You were on level 4 of the Dungeon.
You worshipped Trog.
Trog was pleased with you.
You visited 1 branch of the dungeon, and saw 5 of its levels.

You collected 238 gold pieces.

Inventory:

Hand Weapons
 a - a +0 falchion
 k - a +2 quarterstaff of chaos
 x - a +0 great sword (weapon)
Armour
 b - a +0 animal skin
 f - a +0 scale mail of fire resistance
 l - a +1 cloak (worn)
 u - a +0 chain mail (worn)
Jewellery
 e - an amulet of the acrobat
 n - a +5 ring of evasion
 o - a ring of magical power
 p - a ring of fire
Wands
 y - a wand of polymorph (5)
Scrolls
 c - a scroll of poison {unknown}
 h - 2 scrolls of revelation {unknown}
 i - 2 scrolls of blinking {unknown}
 j - 3 scrolls of identify {unknown}
 r - a scroll of enchant armour {unknown}
 w - a scroll of teleportation {unknown}
Potions
 d - a potion of ambrosia {unknown}
 g - a potion of curing {unknown}
 m - a potion of berserk rage (quivered)
 q - a potion of attraction {unknown}
 s - a potion of brilliance {unknown}
 t - a potion of degeneration {unknown}
 v - a potion of magic {unknown}
 z - a potion of heal wounds {unknown}


   Skills:
 * Level 5.8 Fighting
 * Level 7.6 Long Blades
 * Level 5.2 Armour
 - Level 3.0 Dodging
 - Level 1.2 Stealth


You had 6 spell levels left.
You didn't know any spells.
Your spell library was empty.

Dungeon Overview and Level Annotations

Branches:
Dungeon (5/15)
 Temple: D:4-7

Altars:

Annotations:
D:4 2 transporters, Menkaure
D:5 Sigmund


Innate Abilities, Weirdness & Mutations

You have a pair of horns on your head.
You reflexively headbutt those who attack you in melee.


Message History

The black bear claws you but does no damage.
The black bear claws you. Menkaure hits you but does no damage.
There is a stone staircase leading up here.
Menkaure hits you!
You hear some strange, mumbled words.
You are more confused.
The black bear bites you but does no damage.
The black bear claws you but does no damage. x2
You climb upwards.
Level annotation: 2 transporters Reactivating autopickup.
There is a stone staircase leading down here.
Okay, then.
Deactivating autopickup; reactivate with Ctrl-A.
You completely miss something. Menkaure hits you but does no damage.
Something hits you but does no damage.
The black bear bites you but does no damage.
The black bear barely misses you. The black bear misses you. Menkaure hits you.
The black bear barely misses you.
The black bear claws you but does no damage. x2
Something hits you but does no damage. Menkaure hits you!
* * * LOW HITPOINT WARNING * * *
The black bear bites you but does no damage.
The black bear claws you but does no damage. x2
Something hits you.
* * * LOW HITPOINT WARNING * * *
The black bear completely misses you.
The black bear claws you but does no damage. x2
Menkaure barely misses you.
Okay, then.
Something hits you.
* * * LOW HITPOINT WARNING * * *
You feel less confused. Menkaure hits you but does no damage.
Menkaure barely misses you. You furiously retaliate!
You headbutt Menkaure! Something hits you but does no damage.
The black bear bites you but does no damage.
The black bear claws you but does no damage.
The black bear claws you.
You die...

######### #.......##########
#.......##.......#
#.......##+#####.#
#..........[.....#
#.[.........######
#...........@h{.#############
#............M>.............#
#.......######...........##..
#.......# #..#####....###.
#.......# ##....##.#### ##
######### ####.##.######
#######.##......##
#.......รท.........
#.########.......#


You could see a black bear and Menkaure (fast).

Vanquished Creatures
  Grinder (D:3)
  Eustachio (D:4)
  A sky beast (D:4)
  A bombardier beetle (D:3)
  A howler monkey (D:5)
  A hound (D:4)
  A jelly (D:4)
  An orc priest (D:4)
  Crazy Yiuf (D:2)
  Natasha (D:1)
  5 adders
  2 dart slugs
  2 ribbon worms (D:3)
  5 orcs
  3 bats
  5 endoplasms
  2 giant cockroaches (D:1)
  3 goblins
  6 hobgoblins
  3 quokkas
  6 ball pythons
  2 frilled lizards
  3 kobolds
  2 rats
59 creatures vanquished.

Notes
Turn   | Place    | Note
-------+----------+-------------------------------------------
     0 | D:1      | Griffin23 the Minotaur Berserker began the quest for the
                  | Orb.
     0 | D:1      | Reached XP level 1. HP: 19/19 MP: 0/0
   169 | D:1      | HP: 1/20 [kobold/+0 dagger (1)]
   171 | D:1      | Reached XP level 2. HP: 2/27 MP: 1/1
   576 | D:1      | Reached skill level 4 in Long Blades
  1135 | D:2      | Identified the +2 ring mail of Prudence {Str+2}
  1177 | D:2      | Noticed Natasha
  1221 | D:1      | Killed Natasha
  1222 | D:1      | Reached XP level 3. HP: 33/34 MP: 2/2
  1655 | D:2      | Found a runed translucent door.
  1656 | D:2      | Noticed Crazy Yiuf
  1664 | D:2      | Killed Crazy Yiuf
  1665 | D:2      | Reached skill level 5 in Long Blades
  1665 | D:2      | Reached XP level 4. HP: 41/41 MP: 3/3
  1865 | D:3      | Reached ** piety under Trog
  1951 | D:3      | Reached XP level 5. HP: 46/47 MP: 4/4
  1952 | D:3      | Noticed Grinder
  1970 | D:3      | Killed Grinder
  1971 | D:3      | Reached skill level 5 in Fighting
  1971 | D:3      | Reached skill level 6 in Long Blades
  1971 | D:3      | Reached XP level 6. HP: 9/56 MP: 5/5
  2776 | D:4      | Reached skill level 1 in Stealth
  3233 | D:4      | Noticed a sky beast
  3248 | D:4      | Killed a sky beast
  3249 | D:4      | Reached skill level 7 in Long Blades
  3249 | D:4      | Reached XP level 7. HP: 54/61 MP: 6/6
  3333 | D:4      | Found a transporter.
  3382 | D:4      | Found a transporter.
  3550 | D:4      | Noticed Eustachio
  3568 | D:4      | Killed Eustachio
  3569 | D:4      | Reached skill level 5 in Armour
  3591 | D:4      | Identified the +5 ring mail of the Saviour {Str+2 Int+4}
  3605 | D:5      | Entered Level 5 of the Dungeon
  3626 | D:5      | Noticed Sigmund
  3627 | D:5      | Noticed Menkaure
  3652 | D:4      | HP: 1/62 [something (4)]
  3653 | D:4      | Slain by a black bear

Illustrated notes

Levels and vault maps discovered:
D:1:      nzn_arrival_crosshair, layout_loops_ring, minmay_indecisive_spiral
D:2:      layout_rooms, kennysheep_pointless_box, uniq_crazy_yiuf_cottage,
          uniq_natasha
D:3:      layout_loops_ring, serial_bayou_pond_c, uniq_grinder
D:4:      gammafunk_steamed_eel, layout_basic, uniq_eustachio
D:5:      layout_basic, minmay_temple_entry_butterflies, uniq_edmund,
          uniq_sigmund, uniq_menkaure

Skill      XL: |  1  2  3  4  5  6  7 |
---------------+----------------------+-----
Fighting       | 4 5 |  5.8
Long Blades    | 4 5 6 7 |  7.6
Armour         | 3 4 5 |  5.2
Stealth        | 1 |  1.2
Dodging        | 3 |  3.0

Action                     |  1- 3 |  4- 6 |  7- 9 || total
---------------------------+-------+-------+-------++-------
  Melee: Falchion          |    82 |   117 |     5 ||   204
         Headbutt          |    10 |    26 |     3 ||    39
         Great sword       |       |       |     8 ||     8
         Unarmed           |       |       |     1 ||     1
 Invoke: Berserk           |     1 |     2 |     1 ||     4
         Trog's Hand       |       |     1 |     1 ||     2
    Use: Potion            |       |       |     1 ||     1
 Armour: Animal skin       |    20 |       |       ||    20
         Scale mail        |    25 |    25 |       ||    50
         Chain mail        |       |    67 |    57 ||   124
         Skin              |       |       |     1 ||     1
  Dodge: Dodged            |    47 |    39 |    33 ||   119

Table legend: (Time is in decaauts)
 A = Elapsed time spent in this place.
 B = Non-inter-level travel time spent in this place.
 C = Inter-level travel time spent in this place.
 D = Time resting spent in this place.
 E = Time spent auto-exploring this place.
 F = Levels seen in this place.
 G = Mean time per level.
                   A        B        C        D        E       F      G
               +--------+--------+--------+--------+--------+-----+--------+
         Total |   3734 |   3524 |    210 |    829 |   2008 |   5 |  746.8 |
       Dungeon |   3734 |   3524 |    210 |    829 |   2008 |   5 |  746.8 |
               +--------+--------+--------+--------+--------+-----+--------+

Top non-repeatable levels by time:
     D:1: 1173 daAuts
     D:3: 1042 daAuts
     D:4: 868 daAuts
     D:2: 603 daAuts
     D:5: 46 daAuts
